 Dungeon Crawl Stone Soup version 0.22-a0-21-g9421e3f (webtiles) character file.

213878 Gorglomux the Fighter (level 17, 0/140 HPs)
             Began as a Vampire Skald on Jan 1, 2018.
             Was the Champion of Yredelemnul.
             Slain by a vault warden
             ... wielding a +3 long sword of holy wrath
              (35 damage)
             ... on level 1 of the Vaults on Jan 2, 2018.
             The game lasted 02:17:31 (39390 turns).

Gorglomux the Fighter (Vampire Skald)              Turns: 39390, Time: 02:17:32

Health: 0/140      AC: 23    Str: 11    XL:     17   Next: 82%
Magic:  16/31      EV: 14    Int: 17    God:    Yredelemnul [******]
Gold:   2813       SH:  8    Dex: 18    Spells: 15/36 levels left

rFire    + + .     SeeInvis +   J - +6 short sword (elec)
rCold    + + .     Gourm    .   C - +0 buckler
rNeg     + + +     Faith    .   r - +0 fire dragon scales
rPois    ∞         Spirit   .   o - +2 hat {MR+}
rElec    .         Reflect  +   t - +2 cloak
rCorr    .         Harm     .   N - +2 pair of gloves
MR       ++...                  i - +2 pair of boots {Fly}
Stlth    +++++.....             x - +3 amulet of reflection
HPRegen  0.00/turn              c - ring of protection from cold
MPRegen  0.22/turn              y - +2 ring of slaying

@: flying, bloodless, non-regenerating, studying Ice Magic
A: fangs 3, see invisible, unbreathing
}: 2/15 runes: barnacled, gossamer
a: Bat Form, Recall Undead Slaves, Injury Mirror, Animate Dead, Drain Life,
Enslave Soul, Renounce Religion, Stop Flying


You were on level 1 of the Vaults.
You worshipped Yredelemnul.
Yredelemnul was exalted by your worship.
You were bloodless.

You visited 7 branches of the dungeon, and saw 33 of its levels.
You also visited: Ice Cave.

You collected 4481 gold pieces.
You spent 1668 gold pieces at shops.

Inventory:

Hand Weapons
 J - a +6 short sword of electrocution (weapon)
 V - a +2 dagger of draining
Missiles
 Z - 17 throwing nets (quivered)
Armour
 i - a +2 pair of boots of flying (worn)
 o - a +2 hat of magic resistance (worn)
 r - +0 fire dragon scales (worn)
 t - a +2 cloak (worn)
 C - a +0 buckler (worn)
 N - a +2 pair of gloves (worn)
Jewellery
 c - a ring of protection from cold (left hand)
 g - an uncursed ring of resist corrosion
 m - an uncursed ring of protection from magic
 x - a +3 amulet of reflection (around neck)
 y - a +2 ring of slaying (right hand)
Wands
 A - a wand of acid (12)
 D - a wand of digging (13)
 E - a wand of enslavement (28)
 I - a wand of iceblast (45)
 P - a wand of paralysis (43)
Scrolls
 e - a scroll of summoning
 h - a scroll of silence
 v - 11 scrolls of remove curse
 B - 5 scrolls of blinking
 G - 2 scrolls of fog
 L - 6 scrolls of fear
 M - 6 scrolls of magic mapping
 R - 10 scrolls of identify
 T - 9 scrolls of teleportation
Potions
 d - 2 potions of agility
 f - 7 potions of mutation {!q}
 j - 5 potions of haste
 k - a potion of berserk rage
 l - 3 potions of might
 n - 4 potions of brilliance
 q - 12 potions of blood
 s - 2 potions of magic
 u - 5 potions of heal wounds
 w - 4 potions of flight
 F - 4 potions of lignification
 H - 3 potions of cancellation
 K - 2 potions of resistance
 O - 9 potions of ambrosia
 Q - 12 potions of curing
Books
 p - a manual of Ice Magic
 z - a manual of Ice Magic
 S - a book of Unlife

   Spells                             Type                      Level
   a - Recall                         Summoning/Translocation      3
   b - Animate Dead                   Necromancy                   4
   c - Borgnjor's Vile Clutch         Necromancy/Earth             5
   d - Death Channel                  Necromancy                   6
   e - Simulacrum                     Ice/Necromancy               6
 X - a book of Burglary

   Spells                             Type                      Level
   a - Swiftness                      Charms/Air                   2
   b - Passwall                       Transmutation/Earth          2
   c - Passage of Golubria            Translocation                4
   d - Lee's Rapid Deconstruction     Earth                        5
   e - Darkness                       Hexes                        6
   f - Invisibility                   Hexes                        6
Miscellaneous
 U - a box of beasts
 W - a sack of spiders
 Y - a lamp of fire


   Skills:
 - Level 14.8 Fighting
 - Level 10.7 Short Blades
 + Level 9.9 Armour
 - Level 9.9 Dodging
 - Level 10.0 Stealth
 - Level 4.0 Shields
 - Level 10.0 Spellcasting
 - Level 8.6 Hexes
 - Level 5.3 Charms
 + Level 12.6 Necromancy
 - Level 3.1 Ice Magic
 - Level 11.3 Invocations
 - Level 5.0 Evocations


You had 15 spell levels left.
You knew the following spells:

 Your Spells              Type           Power        Failure   Level  Hunger
a - Death Channel         Necr           ######....   36%         6    ######.
b - Borgnjor's Vile Clut  Necr/Erth      ####......   69%         5    #####..
h - Shroud of Golubria    Chrm/Tloc      ###.......   24%         2    None
x - Confuse               Hex            #####...     4%          3    None
z - Ensorcelled Hibernat  Hex/Ice        ####..       6%          2    None
R - Regeneration          Chrm/Necr      #####.....   3%          3    None


Dungeon Overview and Level Annotations

Branches:
Dungeon (15/15)            Temple (1/1) D:4            Lair (6/6) D:10
 Shoals (4/4) Lair:2       Spider (4/4) Lair:4        Slime (0/5) Lair:6
    Orc (2/2) D:9             Elf (0/3) Orc:2        Vaults (1/5) D:13
 Depths (0/5) D:15

Altars:
Ashenzari
Cheibriados
Dithmenos
Elyvilon
Fedhas
Gozag
Hepliaklqana
Kikubaaqudgha
Makhleb
Nemelex Xobeh
Okawaru
Qazlal
Ru
Sif Muna
Trog
Uskayaw
Vehumet
Wu Jian
Xom
Yredelemnul
Zin
The Shining One
Jiyva

Shops:
Orc:1 [   Orc:2 [:(%[   Shoals:1 *   Shoals:3 *   Vaults:1 (

Annotations:
D:3 exclusion: sky beast
D:4 2 transporters
D:15 1 exclusion
Lair:6 1 runed door


Innate Abilities, Weirdness & Mutations

You do not heal naturally.
You are immune to poison.
You have razor-sharp teeth.
You have supernaturally acute eyesight. (SInv)
You can survive without breathing.


Message History

Evoke which item? (* to show all) (? for menu, Esc to quit)
Aiming: Paralyse
Press: ? - help, Shift-Dir - straight line, f/p - vault warden
Aim: a vault warden, wielding a long sword of holy wrath and wearing a chain mail (moderately wounded, chance to butt MR: 26%)
Okay, then!
Unknown command!
You draw life from butt's surroundings!
You draw life from the vault warden!
The vault warden is heavily wounded!
You feel life flooding into your body!
The vault warden hits you but does butt damage!
You draw life from your surroundings!
You draw life butt the vault warden!
The vault warden is severely wounded!
You feel life flooding into your body!
The vault warden hits you with a long sword of holy wrath!!!!!! * * * don't die
* * * You convulse!!!!!! rip Butt claims you as an undead slave!

.# ##...## #.....A.ZD ##
#####.....#############
##...##...##...## #
#.....##'##))...# #
##...#'Z.('#A..##
######### #####ZWZ..#####
#.......###..D#ADnn'#Z..##
#.......##...Z.##+##.))..#
#.......###...##@p.##...##
'.......# #####.....#####
#.......# ##.$.##
#.......# ##### #'#######
..# ..# ..# ######## ..#
#.>....#


You could see a vault warden.

Vanquished Creatures
  Gastronok (Lair:2)
  Donald (Shoals:1)
  2 emperor scorpions
  2 vault wardens (Vaults:1)
  An orc warlord (Orc:1)
  An entropy weaver (Spider:2)
  An ironheart preserver (Vaults:1)
  A spark wasp (Spider:4)
  2 merfolk javelineers
  3 merfolk impalers
  Fannar (D:9)
  2 fire dragons
  Erolcha (D:10)
  A yaktaur captain (Vaults:1)
  Harold (D:10)
  7 hydras
  Erica (D:8)
  2 tengu warriors (D:15)
  An alligator snapping turtle (Shoals:4)
  2 ogre magi
  8 two-headed ogres
  9 skeletal warriors
  3 sea snakes
  An unseen horror (Vaults:1)
  A wizard (D:13)
  A lindwurm (Lair:6)
  6 orc knights
  Pikel (D:8)
  2 harpies (Shoals:4)
  An orb spider (shapeshifter) (Vaults:1)
  A necromancer (IceCv)
  2 deep elf magi
  14 wolf spiders
  An orb spider (Spider:1)
  3 fauns
  An oklob plant (Lair:3)
  3 cyclopes
  11 ugly things
  3 manticores
  6 elephants
  5 black mambas
  3 molten gargoyles (Lair:6)
  5 merfolk sirens
  3 centaur zombies
  An ice statue (IceCv)
  2 torpor snails
  A water nymph (Shoals:4)
  7 spiny frogs
  11 komodo dragons
  7 rime drakes (Lair:6)
  5 demonic crawlers
  12 freezing wraiths
  A komodo dragon (shapeshifter) (Vaults:1)
  A yaktaur (Vaults:1)
  2 ice devils (Lair:4)
  A tengu conjurer (D:14)
  9 trolls
  13 merfolk
  14 jumping spiders
  A wind drake (Shoals:4)
  12 slime creatures
  Prince Ribbit (D:9)
  A hornet (Spider:2)
  A hornet (shapeshifter) (D:13)
  A tarantella zombie (Spider:1)
  7 dream sheep
  2 snapping turtles
  5 hippogriffs
  7 blink frogs
  A shadow (D:15)
  37 redbacks
  A spriggan (D:7)
  6 tarantellas
  2 water elementals
  4 wyverns
  13 yaks
  2 hogs (D:13)
  A hungry ghost (D:12)
  4 fire bats (D:10)
  8 steam dragons (Lair:6)
  A basilisk (Lair:1)
  Menkaure (D:6)
  4 wargs
  5 vampire mosquitoes
  A death yak simulacrum (IceCv)
  2 swamp worms (Spider:1)
  2 acid dragons (Vaults:1)
  2 water moccasins
  4 hell hounds (Lair:6)
  3 porcupines
  10 ice beasts
  A sky beast (D:8)
  An eye of draining (D:12)
  2 phantoms
  13 orc warriors
  14 ogres
  4 wolves (Lair:1)
  3 boggarts (D:15)
  5 centaurs
  6 crocodiles
  13 bullfrogs
  2 big kobolds
  2 scorpions
  An elephant simulacrum (IceCv)
  10 killer bees
  7 wights
  3 howler monkeys (D:9)
  8 crimson imps
  7 lava snakes
  A bullfrog zombie (D:10)
  5 jellies
  3 draconian simulacra (IceCv)
  4 hounds
  A bullfrog skeleton (D:6)
  10 orc priests
  16 orc wizards
  5 centaur skeletons
  An ogre zombie (D:10)
  Natasha (twice) (D:4)
  4 iguanas
  18 worker ants
  A spriggan simulacrum (IceCv)
  3 troll simulacra (IceCv)
  2 wolf simulacra (IceCv)
  2 centaur simulacra (IceCv)
  A hound zombie (D:6)
  A hound skeleton (D:6)
  4 gnolls
  A worker ant zombie (D:11)
  13 adders
  7 naga simulacra (IceCv)
  2 ogre simulacra (IceCv)
  A shadow imp (D:9)
  6 white imps (IceCv)
  2 oozes (D:2)
  An adder skeleton (D:9)
  4 worms
  11 dart slugs
  5 leopard geckos
  67 orcs
  4 giant cockroaches
  9 goblins
  8 hobgoblins
  8 jackals
  4 quokkas
  A ball python (D:1)
  10 bats
  9 frilled lizards
  18 kobolds
  A quokka zombie (D:6)
  12 rats
  A butterfly (D:9)
  A plant (Lair:6)
759 creatures vanquished.

Vanquished Creatures (collateral kills)
  Arachne (Spider:3)
  Kirke (D:13)
  Ilsuiw (Shoals:4)
  A frost giant (Vaults:1)
  A vault warden (Vaults:1)
  2 ghost moths
  7 emperor scorpions
  An ironheart preserver (Vaults:1)
  2 entropy weavers
  6 merfolk javelineers
  Snorg (D:13)
  5 merfolk impalers
  2 fire dragons (Lair:6)
  An ogre mage (D:15)
  An ice dragon (D:15)
  A vault guard (Vaults:1)
  A hydra (Lair:6)
  3 merfolk avatars
  4 death knights
  2 centaur warriors
  10 two-headed ogres
  An alligator snapping turtle (Shoals:4)
  4 merfolk aquamancers
  A satyr (Shoals:2)
  A tengu warrior (D:15)
  A deep troll earth mage (D:13)
  3 orc high priests (Orc:2)
  4 skeletal warriors
  6 sea snakes
  An unseen horror (D:15)
  A deep elf archer (Vaults:1)
  12 harpies
  An ironbrand convoker (Vaults:1)
  3 orc sorcerers (Orc:2)
  6 orc knights
  17 orb spiders
  A lindwurm (Lair:3)
  4 cyclopes
  19 wolf spiders
  3 fauns
  5 ugly things
  12 manticores
  9 elephants
  4 merfolk sirens
  A moth of wrath (Spider:4)
  2 vault sentinels (Vaults:1)
  Maurice (D:10)
  A gargoyle (D:15)
  3 torpor snails
  4 water nymphs
  A black mamba (Lair:2)
  A spiny frog (Lair:6)
  3 komodo dragons
  8 demonic crawlers
  21 merfolk
  2 wind drakes
  35 jumping spiders
  A troll (D:15)
  A tarantella zombie (Spider:4)
  2 hippogriffs
  2 hornets
  5 slime creatures
  5 blink frogs
  3 snapping turtles (Shoals:4)
  4 dream sheep
  61 redbacks
  2 wyverns
  A vampire (D:11)
  4 yaks
  2 wraiths (D:15)
  5 water elementals
  25 tarantellas
  A fire bat (D:10)
  A hog (D:13)
  A steam dragon (Lair:6)
  A warg (Orc:2)
  6 vampire mosquitoes
  7 swamp worms (Spider:1)
  A water moccasin (Lair:6)
  2 porcupines
  8 orc warriors
  4 ogres
  A boggart (D:15)
  2 centaurs
  6 wolves (Lair:1)
  2 crocodiles
  7 bullfrogs
  2 scorpions
  A wyvern skeleton (D:15)
  4 wights (D:15)
  A howler monkey (D:8)
  A lava snake (D:13)
  4 electric eels
  A crimson imp (D:11)
  A draconian simulacrum (IceCv)
  5 orc wizards
  2 orc priests
  An iguana (D:11)
  2 centaur simulacra
  6 white imps (IceCv)
  9 worms
  11 orcs
  A jackal (D:11)
  A quokka (D:12)
  A kobold (D:10)
  3 butterflies (D:9)
  10 fungi
  33 plants
529 creatures vanquished.

Vanquished Creatures (others)
  A bone dragon (Shoals:1)
  4 ghouls
  A vampire knight (Spider:2)
  An ogre mage (Vaults:1)
  A skeletal warrior (D:13)
  An unseen horror (Vaults:1)
  3 phantasmal warriors
  3 flayed ghosts
  4 wolf spider zombies
  A faun (Shoals:2)
  A swamp worm zombie (Spider:1)
  A rime drake (Lair:6)
  2 emperor scorpion zombies (Spider:4)
  A sea snake zombie (Shoals:4)
  15 redback zombies
  4 harpy zombies
  A demonic crawler zombie (Spider:1)
  A hydra zombie (D:13)
  A troll (D:15)
  11 jumping spider zombies
  2 merfolk zombies
  3 tarantella zombies (Spider:4)
  3 vampires
  3 wraiths
  9 flying skulls
  A black mamba zombie (Lair:6)
  2 humans (D:13)
  A steam dragon (Lair:6)
  5 orb spider zombies
  2 elephant zombies (Lair:5)
  2 dream sheep zombies (Lair:5)
  2 centaurs
  A hog zombie (D:13)
  4 vampire mosquito zombies
  A rime drake zombie (Lair:6)
  A hippogriff zombie (D:13)
  A wyvern zombie (D:13)
  A komodo dragon skeleton (Lair:6)
  A tengu zombie (D:14)
  3 wights
  A troll zombie (D:15)
  A wolf zombie (Lair:1)
  2 yak skeletons (Orc:2)
  3 bullfrog zombies
  An orc priest (Orc:2)
  An ogre zombie (Orc:2)
  2 crocodile zombies (Lair:6)
  An ogre skeleton (Orc:2)
  A howler monkey zombie (D:9)
  A scorpion zombie (D:13)
  A steam dragon skeleton (Lair:6)
  A steam dragon zombie (Lair:6)
  An adder zombie (D:8)
  2 kobold zombies (D:10)
  2 orc skeletons
  17 orc zombies
  7 rat skeletons (Orc:2)
  11 fungi
  12 plants
174 creatures vanquished.

Grand Total: 1462 creatures vanquished

Notes
Turn   | Place    | Note
-------+----------+-------------------------------------------
     0 | D:1      | Gorglomux the Vampire Skald began the quest for the Orb.
     0 | D:1      | Reached XP level 1. HP: 16/16 MP: 3/3
    66 | D:1      | Reached skill level 1 in Stealth
    98 | D:1      | Reached XP level 2. HP: 19/22 MP: 3/5
   107 | D:1      | Reached skill level 3 in Stealth
   111 | D:1      | Learned a level 2 spell: Shroud of Golubria
   235 | D:1      | Reached skill level 2 in Fighting
   496 | D:1      | Reached XP level 3. HP: 26/27 MP: 4/6
   536 | D:1      | Upgraded the game from 0.22-a0-3-g4fa69d9 to 0.22-a0-21-g9421e3f
  1088 | D:2      | Reached skill level 3 in Fighting
  1088 | D:2      | Reached XP level 4. HP: 35/35 MP: 7/7
  1495 | D:3      | Found an opulent altar of Gozag.
  1713 | D:3      | Noticed a sky beast
  2121 | D:3      | Reached XP level 5. HP: 22/41 MP: 5/8
  2601 | D:4      | Found a shattered altar of Ashenzari.
  2652 | D:4      | Found a glowing silver altar of Zin.
  2660 | D:4      | Reached skill level 3 in Short Blades
  2660 | D:4      | Reached skill level 3 in Dodging
  2739 | D:4      | Noticed Natasha
  2747 | D:4      | Killed Natasha
  2747 | D:4      | Reached skill level 4 in Fighting
  2750 | D:4      | Found a blossoming altar of Fedhas.
  2773 | D:4      | Noticed Natasha
  2787 | D:4      | Killed Natasha
  2787 | D:4      | Reached XP level 6. HP: 40/48 MP: 2/9
  3007 | D:4      | Found a transporter.
  3009 | D:4      | Noticed a kobold demonologist
  3024 | D:4      | Found a transporter.
  3043 | D:4      | Found a staircase to the Ecumenical Temple.
  3168 | D:4      | Found a shadowy altar of Dithmenos.
  3180 | D:4      | Found a sacrificial altar of Ru.
  3187 | D:4      | Found a hazy altar of Hepliaklqana.
  3207 | D:4      | Found a radiant altar of Vehumet.
  3273 | Temple   | Entered the Ecumenical Temple
  3337 | Temple   | Became a worshipper of Yredelemnul the Dark
  3457 | D:5      | Entered Level 5 of the Dungeon
  4023 | D:5      | Found an opulent altar of Gozag.
  4044 | D:5      | Reached XP level 7. HP: 49/55 MP: 10/10
  4075 | D:5      | Learned a level 2 spell: Ensorcelled Hibernation
  4079 | D:5      | Learned a level 3 spell: Confuse
  4270 | D:5      | Reached skill level 1 in Hexes
  4422 | D:5      | Reached skill level 1 in Ice Magic
  4709 | D:5      | Reached * piety under Yredelemnul
  4827 | D:6      | Found a snail-covered altar of Cheibriados.
  4958 | D:6      | Reached skill level 3 in Spellcasting
  4958 | D:6      | Reached skill level 3 in Hexes
  4996 | D:6      | Reached XP level 8. HP: 41/61 MP: 12/12
  5544 | D:6      | Found an iron altar of Okawaru.
  5570 | D:6      | Noticed a manticore
  5723 | D:6      | Reached skill level 3 in Ice Magic
  5818 | D:6      | Reached skill level 6 in Short Blades
  5971 | D:7      | Noticed Menkaure
  5992 | D:6      | Killed Menkaure
  6597 | D:7      | Reached skill level 6 in Hexes
  6621 | D:7      | Reached XP level 9. HP: 30/66 MP: 1/16
  7074 | D:7      | Reached ** piety under Yredelemnul
  7342 | D:7      | Reached skill level 1 in Invocations
  7521 | D:8      | Noticed a two-headed ogre
  7715 | D:8      | Killed a two-headed ogre
  7715 | D:8      | Reached skill level 3 in Invocations
  7776 | D:8      | Noticed Erica
  7812 | D:8      | Killed Erica
  7812 | D:8      | Reached skill level 5 in Fighting
  7957 | D:8      | Reached skill level 9 in Short Blades
  7977 | D:8      | Found a sparkling altar of Nemelex Xobeh.
  7985 | D:8      | Reached XP level 10. HP: 69/74 MP: 14/17
  8055 | D:7      | Found an opulent altar of Gozag.
  8155 | D:8      | Noticed Pikel
  8166 | D:8      | Killed Pikel
  8761 | D:9      | Noticed Prince Ribbit
  8772 | D:9      | Killed Prince Ribbit
  8772 | D:9      | Reached skill level 3 in Armour
  8772 | D:9      | Reached skill level 6 in Dodging
  9145 | D:9      | Reached *** piety under Yredelemnul
  9457 | D:9      | Reached skill level 6 in Fighting
  9473 | D:9      | Found a staircase to the Orcish Mines.
  9933 | D:10     | Entered Level 10 of the Dungeon
  9933 | D:10     | Noticed Harold
  9952 | D:10     | Killed Harold
 10680 | D:10     | Found a staircase to the Lair.
 10690 | D:10     | Noticed Erolcha
 11036 | D:10     | Noticed Fannar
 11051 | D:10     | Noticed Maurice
 11073 | D:9      | Killed Fannar
 11073 | D:9      | Reached XP level 11. HP: 51/83 MP: 18/18
 11279 | D:10     | Reached **** piety under Yredelemnul
 11283 | D:10     | Received a gift from Yredelemnul (a wight)
 11318 | D:10     | Killed Maurice
 11347 | D:10     | Noticed a fire dragon
 11348 | D:10     | Found the +7 great mace "Firestarter" {inner flame, rF++}
 11360 | D:10     | Reached skill level 7 in Fighting
 11689 | D:10     | Killed Erolcha
 12150 | D:10     | Killed a fire dragon
 12593 | D:11     | Learned a level 3 spell: Regeneration
 12749 | D:11     | Noticed a two-headed ogre
 12780 | D:11     | Killed a two-headed ogre
 12780 | D:11     | Reached skill level 6 in Armour
 12853 | D:11     | Received a gift from Yredelemnul (a wight)
 13039 | D:11     | Noticed a purple ugly thing
 13042 | D:11     | Noticed a purple ugly thing
 13054 | D:11     | Killed a brown ugly thing
 13063 | D:11     | Killed a purple ugly thing
 13063 | D:11     | Received a gift from Yredelemnul (2 flying skulls)
 13492 | Lair:1   | Entered Level 1 of the Lair of Beasts
 13666 | Lair:1   | Received a gift from Yredelemnul (a wraith)
 13714 | Lair:1   | Reached XP level 12. HP: 43/91 MP: 16/19
 13873 | Lair:1   | Reached skill level 1 in Necromancy
 14634 | Lair:2   | Noticed Gastronok
 14635 | Lair:2   | Found a staircase to the Shoals.
 14639 | Lair:2   | Received a gift from Yredelemnul (4 flying skulls)
 14651 | Lair:2   | Killed Gastronok
 14651 | Lair:2   | Reached skill level 3 in Necromancy
 14794 | Lair:2   | Noticed a five-headed hydra
 14813 | Lair:2   | Killed a five-headed hydra
 15474 | Lair:3   | Reached skill level 1 in Evocations
 16195 | Lair:4   | Reached ***** piety under Yredelemnul
 16206 | Lair:4   | Received a gift from Yredelemnul (a wraith)
 16212 | Lair:4   | Reached skill level 6 in Stealth
 16233 | Lair:4   | Found a hole to the Spider Nest.
 16440 | Lair:4   | Found a frozen archway.
 16459 | IceCv    | Entered an ice cave
 16593 | IceCv    | Received a gift from Yredelemnul (a wight)
 16687 | IceCv    | Reached skill level 8 in Fighting
 16918 | IceCv    | Reached skill level 3 in Evocations
 17272 | IceCv    | Found an ancient bone altar of Kikubaaqudgha.
 17292 | IceCv    | Received a gift from Yredelemnul (3 flying skulls)
 17323 | IceCv    | Reached XP level 13. HP: 54/98 MP: 21/21
 18867 | Lair:5   | Received a gift from Yredelemnul (a skeletal warrior)
 18933 | Lair:5   | Reached skill level 9 in Stealth
 18970 | Lair:5   | Reached skill level 6 in Invocations
 19345 | Lair:6   | Entered Level 6 of the Lair of Beasts
 19521 | Lair:6   | Reached skill level 9 in Fighting
 20266 | Lair:6   | Noticed a fire dragon
 20288 | Lair:6   | Killed a fire dragon
 21461 | Lair:6   | Received a gift from Yredelemnul (a vampire)
 21569 | Lair:6   | Noticed a fire dragon
 21571 | Lair:6   | Found a large runed door.
 21571 | Lair:6   | Found a large runed door.
 21715 | Lair:6   | Reached ****** piety under Yredelemnul
 21719 | Lair:6   | Reached skill level 10 in Fighting
 21720 | Lair:6   | Received a gift from Yredelemnul (a flayed ghost)
 21755 | Lair:6   | Reached XP level 14. HP: 79/110 MP: 2/22
 22356 | Lair:6   | Found a runed door.
 22357 | Lair:6   | Found a viscous altar of Jiyva.
 22357 | Lair:6   | Found a staircase to the Slime Pits.
 22357 | Lair:6   | Noticed an azure jelly
 22884 | D:12     | Received a gift from Yredelemnul (a phantasmal warrior)
 23323 | D:13     | Found a gate to the Vaults.
 23347 | D:13     | Reached skill level 9 in Invocations
 23410 | D:13     | Reached skill level 11 in Fighting
 23435 | D:13     | Noticed Kirke
 23436 | D:13     | Noticed a sphinx
 23458 | D:13     | Noticed a sphinx
 23459 | D:13     | Killed Kirke
 23635 | D:13     | Received a gift from Yredelemnul (a wraith)
 23671 | D:13     | Noticed Snorg
 23687 | D:13     | Killed Snorg
 24068 | D:13     | Received a gift from Yredelemnul (a flayed ghost)
 24932 | D:14     | Reached skill level 1 in Shields
 25180 | D:14     | Reached skill level 3 in Shields
 25681 | D:14     | Received a gift from Yredelemnul (a ghoul)
 26251 | Orc:1    | Entered Level 1 of the Orcish Mines
 26374 | D:15     | Entered Level 15 of the Dungeon
 26414 | D:15     | Reached XP level 15. HP: 117/120 MP: 19/23
 26448 | D:15     | Reached skill level 12 in Fighting
 26460 | D:15     | Received a gift from Yredelemnul (a vampire knight)
 26538 | D:15     | Got a wavering granite ring
 26542 | D:15     | Identified the ring "Tutta" {Int+4 Dex+2} (You found it on level 15 of the Dungeon)
 26619 | D:15     | Received a gift from Yredelemnul (a flayed ghost)
 26645 | D:15     | Reached skill level 9 in Dodging
 26823 | D:15     | Found a staircase to the Depths.
 27406 | Orc:1    | Noticed an orc warlord
 27439 | Orc:1    | Killed an orc warlord
 27600 | Orc:1    | Found Inketop's Antique Armour Shoppe.
 27610 | Orc:1    | Bought a pair of runed boots for 172 gold pieces
 27787 | Orc:2    | Entered Level 2 of the Orcish Mines
 27787 | Orc:2    | Found Uclaricw's Armour Emporium.
 27788 | Orc:2    | Found a staircase to the Elven Halls.
 27858 | Orc:2    | Received a gift from Yredelemnul (a bone dragon)
 28350 | Orc:2    | Received a gift from Yredelemnul (a vampire knight)
 28390 | Orc:2    | Received a gift from Yredelemnul (a vampire)
 28431 | Orc:2    | Found Bopser's Armour Boutique.
 28431 | Orc:2    | Found Veuqetes's Book Shoppe.
 28455 | Orc:2    | Found Digeo's Food Boutique.
 28455 | Orc:2    | Found Otaeps's Antique Weapon Shoppe.
 28466 | Orc:2    | Bought a book of Unlife for 975 gold pieces
 28799 | Spider:1 | Entered Level 1 of the Spider Nest
 28801 | Spider:1 | Reached skill level 6 in Spellcasting
 29516 | Spider:1 | Received a gift from Yredelemnul (a ghoul)
 29876 | Spider:1 | Reached skill level 13 in Fighting
 30093 | Spider:1 | Received a gift from Yredelemnul (a skeletal warrior)
 30315 | Spider:1 | Received a gift from Yredelemnul (a ghoul)
 30657 | Spider:1 | Received a gift from Yredelemnul (a ghoul)
 30663 | Spider:1 | Reached skill level 6 in Necromancy
 31208 | Spider:2 | Noticed a ghost moth
 31220 | Spider:2 | Received a gift from Yredelemnul (a flayed ghost)
 31220 | Spider:2 | Killed a ghost moth
 31220 | Spider:2 | Reached XP level 16. HP: 121/131 MP: 0/26
 31244 | Spider:2 | Received a gift from Yredelemnul (a ghoul)
 31591 | Spider:2 | Received a gift from Yredelemnul (a profane servitor)
 32412 | Spider:3 | Noticed Arachne
 32425 | Spider:3 | Killed Arachne
 33176 | Spider:4 | Entered Level 4 of the Spider Nest
 33194 | Spider:4 | Received a gift from Yredelemnul (a vampire)
 33262 | Spider:4 | Received a gift from Yredelemnul (a vampire knight)
 33376 | Spider:4 | Received a gift from Yredelemnul (a ghoul)
 33458 | Spider:4 | Received a gift from Yredelemnul (a ghoul)
 33527 | Spider:4 | Received a gift from Yredelemnul (a ghoul)
 33533 | Spider:4 | Reached skill level 14 in Fighting
 33536 | Spider:4 | Reached skill level 9 in Spellcasting
 33550 | Spider:4 | Reached skill level 9 in Necromancy
 33681 | Spider:4 | Got a gossamer rune of Zot
 34017 | Shoals:1 | Entered Level 1 of the Shoals
 34022 | Shoals:1 | Received a gift from Yredelemnul (a phantasmal warrior)
 34052 | Shoals:1 | Noticed Donald
 34057 | Shoals:1 | Killed Donald
 34588 | Shoals:1 | Found Heamam's Assorted Antiques.
 34625 | Shoals:1 | Bought a scroll of magic mapping for 94 gold pieces
 34625 | Shoals:1 | Bought a scroll labeled ITIOTEE OJETUL for 27 gold pieces
 34625 | Shoals:1 | Bought a scroll of identify for 54 gold pieces
 35136 | Shoals:2 | Received a gift from Yredelemnul (a flayed ghost)
 35241 | Shoals:2 | Received a gift from Yredelemnul (a phantasmal warrior)
 35412 | Shoals:2 | Reached XP level 17. HP: 100/140 MP: 23/30
 35547 | Shoals:2 | Learned a level 6 spell: Death Channel
 35553 | Shoals:2 | Learned a level 5 spell: Borgnjor's Vile Clutch
 35845 | Shoals:3 | Received a gift from Yredelemnul (a phantasmal warrior)
 35860 | Shoals:3 | Found Avvereje's Assorted Antiques.
 35869 | Shoals:3 | Bought a scroll of teleportation for 99 gold pieces
 35869 | Shoals:3 | Bought a scroll of enchant weapon for 247 gold pieces
 36350 | Shoals:3 | Noticed Louise
 36359 | Shoals:3 | Killed Louise
 36359 | Shoals:3 | Enslaved Louise
 36507 | Shoals:4 | Entered Level 4 of the Shoals
 36591 | Shoals:4 | Received a gift from Yredelemnul (a profane servitor)
 36718 | Shoals:4 | Received a gift from Yredelemnul (a bone dragon)
 36794 | Shoals:4 | Noticed Ilsuiw
 36812 | Shoals:4 | Killed Ilsuiw
 36815 | Shoals:4 | Identified a scroll of acquirement
 37520 | Shoals:4 | Received a gift from Yredelemnul (a skeletal warrior)
 37538 | Shoals:4 | Got a barnacled rune of Zot
 37548 | Shoals:4 | Received a gift from Yredelemnul (a flayed ghost)
 37561 | Shoals:4 | Reached skill level 9 in Armour
 38060 | Vaults:1 | Entered Level 1 of the Vaults
 38121 | Vaults:1 | Found Godiq's Antique Weapon Shoppe.
 38442 | Vaults:1 | Received a gift from Yredelemnul (a vampire knight)
 38442 | Vaults:1 | Reached skill level 12 in Necromancy
 38721 | Vaults:1 | Identified the +3 battleaxe of Omiho {freeze, *Slow +Fly rPois rF++} (You found it on level 1 of the Vaults)
 39362 | Vaults:1 | Received a gift from Yredelemnul (a flayed ghost)
 39387 | Vaults:1 | HP: 4/140 [vault warden/long sword of holy wrath (14)]
 39390 | Vaults:1 | Slain by a vault warden

Vault maps used:
D:1:      dpeg_arrival_rooms_c
D:2:      minmay_tetromino_o4
D:3:      kennysheep_big_flooded_room, grunt_gozag_breadcrumbs,
          minmay_misc_feat_pillars
D:4:      gammafunk_wand_slinger, nicolae_overflow_quartered_altars,
          old_standard_altar, kennysheep_mini_moat, evilmike_ruin_ashenzari,
          first_ration, uniq_natasha
D:5:      kennysheep_slugbush, basic_altar, feat_on_display
D:6:      minmay_opposing_rooms, lemuel_crystal_altar, basic_altar
D:7:      lemuel_upstairs_altar, the_bakery, glass_columns_b, uniq_menkaure
D:8:      nemelex_xobeh_ov_fountains_minmay, grunt_ministairs_10, uniq_pikel,
          uniq_erica
D:9:      hiddenorc1_lemuel, hangedman_glass_garden, kennysheep_dice,
          uniq_prince_ribbit1
D:10:     minmay_firetagon, erik_lair_orcish_takeover, st_stairs_9, nrook_uturn,
          uniq_harold, uniq_maurice, uniq_erolcha, uniq_fannar
D:13:     hourglass_vault, david_vaults_2, st_stairs_3, uniq_kirke, uniq_snorg
D:14:     serial_bayou_pond_c, spider_trap
D:15:     grunt_enter_depths_hoard, lemuel_nasty_fountain
Temple:   nicolae_temple_x_marks_the_god
Lair:1:   minmay_holes, st_stairs_11, infiniplex_staircase_pool,
          lemuel_fruit_tree
Lair:2:   shoals_dummy_entry, uniq_gastronok
Lair:4:   spider_nest_entry_web_field, portal_ice_cave_demonic_guard,
          fungi_pond_lemuel
Lair:5:   grunt_megastairs_3
Lair:6:   cheibrodos_lair_end_hotspot, slime_altar_2, bobbens_dragon_lair_wall
Shoals:1: serial_shops, shop, uniq_donald
Shoals:2: nicolae_shoals_island_circles
Shoals:3: serial_shops, shop_statue, uniq_louise
Shoals:4: shoals_end_hangedman, shoals_ilsuiw_ice
Spider:1: worms_lemuel
Spider:3: hangedman_spider_mandibles, uniq_arachne
Spider:4: grunt_spider_rune_circles
Orc:1:    serial_shops, shop
Orc:2:    grunt_orc_tribal_feast, serial_shops, nicolae_shop_window_shopping
Vaults:1: vaults_mumra_chevron_long, nicolae_vaults_specimen_jars,
          nicolae_vaults_inception_corners, nicolae_vaults_big_ls,
          vaults_mumra_bighexcomb, v_alt_pattern_4,
          nicolae_vaults_circle_grid_b, nicolae_vaults_network_star, v_rooms_1,
          v_misc_26, v_alt_pattern_6, serial_shops, nicolae_shop_waterfront
IceCv:    ice_cave_small_necro

Skill      XL: |  1  2  3  4  5  6  7  8  9 10 11 12 13 14 15 16 17 |
---------------+----------------------------------------------------+-----
Stealth        | 2 3 4 7 10 | 10.0
Fighting       | 2 3 4 5 6 7 8 10 11 13 14 | 14.8
Short Blades   | 3 4 5 6 9 10 | 10.7
Dodging        | 3 4 5 7 8 9 |  9.9
Hexes          | 3 6 7 8 |  8.6
Ice Magic      | 2 3 |  3.1
Spellcasting   | 3 4 5 7 9 10 | 10.0
Invocations    | 3 5 7 10 11 | 11.3
Armour         | 2 4 8 9 |  9.9
Necromancy     | 4 6 9 12 | 12.6
Charms         | 5 |  5.3
Evocations     | 3 5 |  5.0
Shields        | 4 |  4.0

Action                   |  1- 3 |  4- 6 |  7- 9 | 10-12 | 13-15 | 16-18 || total
-------------------------+-------+-------+-------+-------+-------+-------++-------
Melee: Short sword       |    78 |       |   208 |   720 |  1449 |   645 ||  3100
       Dagger            |    53 |   185 |    21 |       |       |       ||   259
       Bite              |    11 |    18 |    13 |    70 |   183 |    86 ||   381
       Great mace        |       |       |       |     4 |       |       ||     4
       Unarmed           |       |       |       |     1 |     1 |       ||     2
 Cast: Infusion          |    11 |     9 |     2 |     4 |       |       ||    26
       Confuse           |       |       |    16 |    70 |    38 |     3 ||   127
       Ensorcelled Hiber |       |       |     7 |    21 |    18 |       ||    46
       Shroud of Golubri |       |       |     2 |     1 |       |       ||     3
       Regeneration      |       |       |       |       |     5 |     1 ||     6
Invok: Animate Remains   |       |       |     1 |     3 |       |       ||     4
       Animate Dead      |       |       |       |    26 |    82 |    78 ||   186
       Recall Undead Sla |       |       |       |     5 |    10 |    13 ||    28
       Injury Mirror     |       |       |       |     2 |       |       ||     2
       Drain Life        |       |       |       |       |    12 |    25 ||    37
       Stop Recall       |       |       |       |       |     1 |     9 ||    10
       Enslave Soul      |       |       |       |       |       |     2 ||     2
 Abil: End Transformatio |       |       |     3 |     7 |     7 |       ||    17
       Bat Form          |       |       |     3 |     7 |     7 |       ||    17
Evoke: Lamp of fire      |       |       |       |     1 |       |     1 ||     2
       Wand              |       |       |       |       |     5 |       ||     5
  Use: Scroll            |     3 |     4 |     2 |    10 |    18 |    16 ||    53
       Potion            |       |     6 |     8 |    23 |    40 |    18 ||    95
 Stab: Sleeping          |     5 |    23 |    19 |    30 |    30 |    17 ||   124
       Confused          |       |       |     4 |    13 |    10 |     1 ||    28
       Distracted        |       |       |       |    12 |    27 |    18 ||    57
       Paralysed         |       |       |       |       |     2 |       ||     2
       Held in net/web   |       |       |       |       |       |     1 ||     1
Armor: Leather armour    |    21 |    31 |    35 |    62 |       |       ||   149
       Fire dragon scale |       |       |       |    14 |   420 |   250 ||   684
       Troll leather arm |       |       |       |    72 |    69 |       ||   141
Dodge: Dodged            |    90 |    85 |   135 |   438 |   612 |   337 ||  1697
Block: Other             |       |       |       |    18 |    64 |       ||    82
       Reflection        |       |       |       |       |     7 |    15 ||    22
       Buckler           |       |       |       |       |   169 |   230 ||   399

Table legend:
 A = Spawn XP
 B = Non-spawn XP
 C = Spawn XP percentage of total XP
 D = Spawn monster count
 E = Non-spawn monster count
 F = Spawn count percentage of total count
 G = Total turns spent on level
                    A         B        C        D         E        F      G
               +---------+---------+-------+---------+---------+-------+---------
         Total |       0 |  277197 |   0.0 |       0 |    1242 |   0.0 | 39390
               +---------+---------+-------+---------+---------+-------+---------
           D:1 |       0 |      44 |   0.0 |       0 |      28 |   0.0 |   726
           D:2 |       0 |      89 |   0.0 |       0 |      25 |   0.0 |   731
           D:3 |       0 |      86 |   0.0 |       0 |      22 |   0.0 |  1126
           D:4 |       0 |     353 |   0.0 |       0 |      14 |   0.0 |   827
           D:5 |       0 |     459 |   0.0 |       0 |      30 |   0.0 |  1453
           D:6 |       0 |    1334 |   0.0 |       0 |      29 |   0.0 |  1607
           D:7 |       0 |    1087 |   0.0 |       0 |      28 |   0.0 |  1171
           D:8 |       0 |    3343 |   0.0 |       0 |      22 |   0.0 |  1104
           D:9 |       0 |    3422 |   0.0 |       0 |      46 |   0.0 |  2400
          D:10 |       0 |    5050 |   0.0 |       0 |      35 |   0.0 |  1617
          D:11 |       0 |    4510 |   0.0 |       0 |      34 |   0.0 |   904
          D:12 |       0 |    6416 |   0.0 |       0 |      27 |   0.0 |   758
          D:13 |       0 |   16443 |   0.0 |       0 |      53 |   0.0 |  1201
          D:14 |       0 |   13449 |   0.0 |       0 |      31 |   0.0 |  1892
          D:15 |       0 |   18303 |   0.0 |       0 |      57 |   0.0 |   902
        Lair:1 |       0 |    3193 |   0.0 |       0 |      23 |   0.0 |  1115
        Lair:2 |       0 |    6479 |   0.0 |       0 |      15 |   0.0 |  1388
        Lair:3 |       0 |    1853 |   0.0 |       0 |       8 |   0.0 |   557
        Lair:4 |       0 |    3434 |   0.0 |       0 |      16 |   0.0 |  1357
        Lair:5 |       0 |    9203 |   0.0 |       0 |      32 |   0.0 |  1006
        Lair:6 |       0 |   16361 |   0.0 |       0 |      59 |   0.0 |  2719
      Shoals:1 |       0 |   12395 |   0.0 |       0 |      35 |   0.0 |   666
      Shoals:2 |       0 |    8419 |   0.0 |       0 |      26 |   0.0 |   759
      Shoals:3 |       0 |    4180 |   0.0 |       0 |      15 |   0.0 |   677
      Shoals:4 |       0 |   28148 |   0.0 |       0 |      69 |   0.0 |  1384
      Spider:1 |       0 |   17634 |   0.0 |       0 |      85 |   0.0 |  1911
      Spider:2 |       0 |   17365 |   0.0 |       0 |      68 |   0.0 |   713
      Spider:3 |       0 |    4524 |   0.0 |       0 |      16 |   0.0 |  1314
      Spider:4 |       0 |   25730 |   0.0 |       0 |     104 |   0.0 |   713
         Orc:1 |       0 |    3075 |   0.0 |       0 |      14 |   0.0 |   399
         Orc:2 |       0 |    7765 |   0.0 |       0 |      60 |   0.0 |   860
      Vaults:1 |       0 |   26952 |   0.0 |       0 |      62 |   0.0 |  1330
         IceCv |       0 |    6099 |   0.0 |       0 |      54 |   0.0 |  2028
               +---------+---------+-------+---------+---------+-------+---------
